 Dungeon Crawl Stone Soup version 0.29-a0-319-gad05b8d819 (webtiles) character file.

Game seed: 1154419702215044338

1960 iamserjio the Martial Artist (level 9, -7/82 HPs)
             Began as a Mayflytaur Transmuter on Apr 1, 2022.
             Was an Initiate of Ashenzari.
             Mangled by a yak (8 damage)
             ... on level 9 of the Dungeon.
             The game lasted 00:08:51 (1230 turns).

iamserjio the Martial Artist (MyTm)                 Turns: 1230, Time: 00:08:52

Health: -7/82      AC:  7    Str: 18    XL:     9   Next: 19%
Magic:  14/14      EV: 12    Int: 21    God:    Ashenzari [......]
Gold:   160        SH:  0    Dex: 16    Spells: 3/13 levels left

rFire   . . .      SeeInvis .     - Unarmed
rCold   . . .      Faith    .   (no shield)
rNeg    + . .      Spirit   .   n - +0 steam dragon scales
rPois   .          Reflect  .   (no helmet)
rElec   .          Harm     .   (no cloak)
rCorr   .          Rampage  .   u - +0 pair of gloves
Will    +....                   f - +0 pair of boots
Stlth   +.........              r - amulet of magic regeneration
HPRegen 0.23/turn               d - +6 ring of strength
MPRegen 0.68/turn               i - ring "Depep" {Wiz rN+ Int+3}

@: lethally poisoned (-7 -> -32), flying
A: damage resistance, big wings, sense surroundings 2, magic regeneration, short
lifespan
a: Renounce Religion


You were on level 9 of the Dungeon.
You worshipped Ashenzari.
Ashenzari was noncommittal.
You visited 2 branches of the dungeon, and saw 10 of its levels.

You collected 160 gold pieces.

Inventory:

Hand Weapons
 t - the +1 short sword of the Fray {vorpal, rCorr Str+3 Dex+2}
   (You found it on level 5 of the Dungeon)

   It inflicts extra damage upon your enemies.
   Str:       It affects your strength (+3).
   Dex:       It affects your dexterity (+2).
   rCorr:     It protects you from acid and corrosion.
Armour
 a - a +0 robe
 f - a +0 pair of boots (worn)
 n - +0 steam dragon scales (worn)
 u - a +0 pair of gloves (worn)
Magical Staves
 s - a staff of fire
Jewellery
 d - a +6 ring of strength (left hand)
 i - the ring "Depep" (right hand) {Wiz rN+ Int+3}
   (You found it on level 4 of the Dungeon)

   [ring of wizardry]

   It improves your spell success rate.
   Int:       It affects your intelligence (+3).
   rN:        It protects you from negative energy.
 r - an amulet of magic regeneration (around neck)
 w - a ring of protection from cold
Wands
 l - a wand of digging (1) {@v3}
 v - a wand of polymorph (7)
Scrolls
 g - a scroll of magic mapping {unknown}
 j - 3 scrolls of teleportation {unknown}
 k - a scroll of vulnerability {unknown}
 o - a scroll of fear {unknown}
 p - 3 scrolls of identify {unknown}
Potions
 c - 3 potions of curing {unknown}
 h - 4 potions of brilliance {unknown}
 m - a potion of degeneration {unknown}
 q - 2 potions of flight {unknown}


   Skills:
 + Level 5.9 Fighting
 - Level 2.1 Dodging
 * Level 10.8 Unarmed Combat
 - Level 2.6 Spellcasting
 + Level 6.9 Transmutations
 - Level 3.6 Ice Magic


You had 3 spell levels left.
You knew the following spells:

 Your Spells              Type           Power      Damage    Failure   Level
a - Beastly Appendage     Tmut           62%        N/A       1%          1
b - Wereblood             Tmut           31%        N/A       1%          2
c - Ice Form              Ice/Tmut       25%        N/A       6%          4
d - Frozen Ramparts       Ice            36%        1d5       3%          3

Your spell library contained the following spells:

 Spells                   Type           Power      Damage    Failure   Level
 Spider Form              Tmut/Pois      17%        N/A       4%          3
 Summon Ice Beast         Ice/Summ       10%        N/A       26%         4


Dungeon Overview and Level Annotations

Branches:
Dungeon (9/15)             Temple (1/1) D:6
   Lair: D:8-11         Orc: D:9-12

Altars:
Ashenzari
Dithmenos
Elyvilon
Fedhas
Gozag
Hepliaklqana
Kikubaaqudgha
Makhleb
Nemelex Xobeh
Qazlal
Ru
Trog
Vehumet
Yredelemnul
The Shining One

Annotations:
D:7 conein's ghost, novice MyWr


Innate Abilities, Weirdness & Mutations

You are resistant to damage.
Your large and strong wings let you fly.
You passively map the area around you.
You regenerate magic rapidly.
You are easily found by Zot.


Message History

Found a stone staircase leading down.
There is a stone staircase leading down here.
You fly downwards.
The orc shouts!
The yak bellows! x2; The orc warrior shouts!
The yak gores you! The yak completely misses you. The orc closely misses you.
The orc hits you but does no damage.
The orc warrior hits you from afar with a +2 glaive of venom!
You are poisoned.
The yak gores you but does no damage. The yak barely misses you.
The orc warrior hits you from afar with a +2 glaive of venom.
You are more poisoned.
The orc hits you but does no damage. The yak gores you but does no damage.
Found a war axe.
There is a stone staircase leading up, spattered with blood here.
Okay, then.
Okay, then.
Okay, then.
Okay, then.
Okay, then.
Okay, then.
Okay, then.
Okay, then.
As you read the scroll labelled LEPIRI ADDE OLEURPH, it crumbles to dust.
It is a scroll of brand weapon.
You aren't carrying any weapons that can be branded.
You feel very sick.
The orc priest shouts!
The yak gores you! x2
* * * LOW HITPOINT WARNING * * *
The orc hits you but does no damage.
The orc warrior hits you from afar with a +2 glaive of venom!
* * * LOW HITPOINT WARNING * * *
You are lethally poisoned!
The yak closely misses you.
This is a scroll of acquirement!
Something appears at your feet!
* * * LOW HITPOINT WARNING * * *
You feel extremely sick. The yak gores you but does no damage.
The yak misses you. The yak gores you!
You die...

* *, ## ..
, #. #.
######.###
*
......o..#
......Y.o#
* *
.....oY@Y#
,
..^..oYY.#
, ,
....).o..#
+ **
#.########
* #, *, ,
,, , * ,,
, +** *


You could see 5 yaks, an orc warrior, an orc priest and 3 orcs.

Vanquished Creatures
  6 yaks (D:8)
  A steam dragon (D:4)
  Duvessa (D:7)
  2 sky beasts
  2 ice beasts
  An ogre (D:5)
  A necrophage (D:4)
  A scorpion (D:7)
  3 orc priests (D:5)
  2 hounds
  2 iguanas (D:4)
  2 adders
  2 shadow imps
  An ufetubus (D:5)
  13 orcs
  3 ball pythons
  2 endoplasms
  4 giant cockroaches
  2 goblins
  2 hobgoblins (D:4)
  2 jackals (D:2)
  3 quokkas
  2 frilled lizards (D:1)
  3 kobolds
  3 rats
66 creatures vanquished.

Notes
Turn   | Place    | Note
-------+----------+-------------------------------------------
     0 | D:1      | iamserjio the Mayflytaur Transmuter began the quest for the
                  | Orb.
     0 | D:1      | Reached XP level 1. HP: 18/18 MP: 5/5
    98 | D:1      | Reached skill level 1 in Ice Magic
   141 | D:2      | Reached XP level 2. HP: 22/25 MP: 6/6
   199 | D:2      | Learned a level 2 spell: Wereblood
   343 | D:4      | Identified the ring "Depep" {Wiz rN+ Int+3}
   349 | D:5      | Entered Level 5 of the Dungeon
   360 | D:5      | Reached XP level 3. HP: 31/31 MP: 2/8
   370 | D:5      | Reached XP level 4. HP: 38/38 MP: 3/9
   377 | D:5      | Learned a level 4 spell: Ice Form
   438 | D:4      | Noticed a necrophage
   450 | D:4      | Killed a necrophage
   451 | D:4      | Reached XP level 5. HP: 32/45 MP: 5/10
   507 | D:4      | Noticed a steam dragon
   515 | D:4      | Killed a steam dragon
   516 | D:4      | Reached skill level 5 in Unarmed Combat
   516 | D:4      | Gained mutation: You regenerate magic rapidly. [Mayflytaur
                  | growth]
   516 | D:4      | Reached XP level 6. HP: 19/55 MP: 4/11
   558 | D:3      | Learned a level 3 spell: Frozen Ramparts
   653 | D:4      | Reached skill level 6 in Unarmed Combat
   726 | D:5      | Noticed a sky beast
   733 | D:5      | Reached XP level 7. HP: 62/62 MP: 6/12
   737 | D:5      | Reached skill level 7 in Unarmed Combat
   747 | D:5      | Reached skill level 5 in Transmutations
   752 | D:5      | Identified the +1 short sword of the Fray {vorpal, rCorr
                  | Str+3 Dex+2}
   865 | D:6      | Reached skill level 8 in Unarmed Combat
   882 | D:6      | Found a staircase to the Ecumenical Temple.
   891 | Temple   | Entered the Ecumenical Temple
   976 | Temple   | Became a worshipper of Ashenzari the Shackled
   991 | Temple   | Glimpsed the power of Zot.
  1033 | D:7      | Noticed Duvessa
  1035 | D:7      | Noticed Dowan
  1037 | D:7      | Killed Duvessa
  1038 | D:7      | Reached XP level 8. HP: 72/72 MP: 8/13
  1038 | D:7      | Noticed Dowan
  1038 | D:7      | Dowan changed into Dowan the scorpion
  1042 | D:7      | Killed Dowan the scorpion
  1062 | D:7      | Noticed a cyclops
  1062 | D:7      | Noticed conein's ghost (novice MyWr)
  1064 | D:7      | Noticed a cyclops
  1134 | D:8      | Noticed a yak
  1144 | D:8      | Noticed a yak
  1146 | D:8      | Noticed a yak
  1146 | D:8      | Noticed a yak
  1147 | D:8      | Noticed a yak
  1147 | D:8      | Noticed a yak
  1149 | D:8      | Killed a yak
  1150 | D:8      | Reached skill level 9 in Unarmed Combat
  1152 | D:8      | Killed a yak
  1153 | D:8      | Reached skill level 5 in Fighting
  1156 | D:8      | Killed a yak
  1160 | D:8      | Killed a yak
  1161 | D:8      | Reached skill level 10 in Unarmed Combat
  1161 | D:8      | Gained mutation: You passively map the area around you.
                  | [Mayflytaur growth]
  1161 | D:8      | Reached XP level 9. HP: 69/81 MP: 14/14
  1230 | D:9      | Identified a scroll of acquirement
  1230 | D:9      | Acquired the ring "Sashro" {rF+ MP+9 Str+3 SInv}
  1230 | D:9      | HP: 1/82 [poisoned by an orc warrior]
  1230 | D:9      | Mangled by a yak

Illustrated notes

Levels and vault maps discovered:
D:1:      mrwooster_arrival_statue, layout_loops_ring
D:2:      layout_basic, kennysheep_flooded_box, chequers_serial_rivers_small_3,
          minmay_tall_x
D:3:      layout_basic, xom_teletrap_fun, kennysheep_generic_room_16,
          uniq_terence
D:4:      layout_loops_ring, hangedman_feature_mirror
D:5:      layout_cave_pools
D:6:      layout_layer_cave, mainiacjoe_overflow_alcove_3,
          minmay_temple_entry_waves, minmay_hollow_rounded_squares
D:7:      layout_basic, kennysheep_slug_shrine, gammafunk_ghost_split,
          serial_bayou_pond_e, hangedman_decor_peaks_small, glass_columns_a,
          fountainhead, nicolae_wooded_promenade, uniq_duvessa,
          uniq_prince_ribbit1
D:8:      layout_loops_ring, nicolae_uskayaw_murder_on_the_dancefloor
D:9:      layout_roguey [special_room_orc], david_lair_generic
Temple:   regret_index_temple_generic_petals

Skill      XL: |  1  2  3  4  5  6  7  8 |
---------------+-------------------------+-----
Ice Magic      | 1 2 3 |  3.6
Transmutations | 3 4 5 6 |  6.9
Fighting       | 2 3 4 5 |  5.9
Unarmed Combat | 5 6 8 10 | 10.8
Dodging        | |  2.1
Spellcasting   | |  2.6

Action                   |  1- 3 |  4- 6 |  7- 9 || total
-------------------------+-------+-------+-------++-------
Melee: Unarmed           |    71 |    36 |    60 ||   167
       Headbutt          |     9 |     1 |       ||    10
       Kick              |     6 |     1 |       ||     7
       Punch             |     1 |       |       ||     1
 Cast: Beastly Appendage |     8 |     1 |       ||     9
       Wereblood         |     1 |     3 |     4 ||     8
       Ice Form          |       |     4 |     4 ||     8
Evoke: Wand              |       |       |     1 ||     1
  Use: Potion            |     1 |       |       ||     1
       Scroll            |       |       |     2 ||     2
Armor: Robe              |    13 |     3 |       ||    16
       Skin              |    23 |     8 |    15 ||    46
       Steam dragon scal |       |       |     6 ||     6
Dodge: Dodged            |    37 |    30 |    30 ||    97

Table legend: (Time is in decaauts)
 A = Elapsed time spent in this place.
 B = Non-inter-level travel time spent in this place.
 C = Inter-level travel time spent in this place.
 D = Time resting spent in this place.
 E = Time spent auto-exploring this place.
 F = Levels seen in this place.
 G = Mean time per level.
                   A        B        C        D        E       F      G
               +--------+--------+--------+--------+--------+-----+--------+
         Total |   1216 |   1061 |    155 |      0 |      0 |  10 |  121.6 |
       Dungeon |   1097 |    967 |    130 |      0 |      0 |   9 |  121.9 |
        Temple |    118 |     93 |     25 |      0 |      0 |   1 |  118.0 |
               +--------+--------+--------+--------+--------+-----+--------+

Top non-repeatable levels by time:
     D:4: 251 daAuts
     D:5: 195 daAuts
     D:3: 181 daAuts
     D:8: 133 daAuts
  Temple: 118 daAuts
     D:1: 113 daAuts
     D:2: 84 daAuts
     D:6: 78 daAuts
     D:7: 49 daAuts
     D:9: 9 daAuts
